 Dungeon Sprint DCSS version 0.29-a0-542-g075992c915 (webtiles) character file.

Game seed: 9379575616755669337

25013 mhtbhm the Bludgeoner (level 12, -25/148 HPs)
             Began as a Troll Berserker on June 4, 2022.
             Was a High Priest of Trog.
             Annihilated by Agnes
             ... wielding a +0 lajatang of electrocution
              (34 damage)
             ... in the Dungeon (Sprint IX: "|||||||||||||||||||||||||||||").
             The game lasted 00:08:18 (3141 turns).

mhtbhm the Bludgeoner (Troll Berserker)             Turns: 3141, Time: 00:08:19

Health: -25/148    AC:  9    Str: 37    XL:     12   Next: 85%
Magic:  11/11      EV: 13    Int:  3    God:    Trog [*****.]
Gold:   467        SH:  0    Dex:  9    Spells: 11/11 levels left

rFire   . . .      SeeInvis .   v - +4 giant club of Crusades {vorpal, rN++ Str+2}
rCold   . . .      Faith    .   (shield currently unavailable)
rNeg    + + .      Spirit   .   b - +0 animal skin
rPois   .          Reflect  .   w - +2 hat
rElec   .          Harm     .   k - +0 cloak
rCorr   .          Rampage  .   (gloves unavailable)
Will    .....      NoTele   +   (boots unavailable)
Stlth   ++........              x - amulet of the acrobat
HPRegen 1.14/turn               l - +2 ring of protection
MPRegen 0.12/turn               m - +3 ring of strength

@: no status effects
A: large, unfitting armour, claws 3, regeneration 1, shaggy fur 1, tough skin 1
a: Renounce Religion, Berserk, Trog's Hand, Brothers in Arms


You were in the Dungeon.
You worshipped Trog.
Trog was extremely pleased with you.
You visited 1 branch You collected 1907 gold pieces.
You spent 1440 gold pieces at shops.

Inventory:

Hand Weapons
 a - a +8 antimagic giant spiked club
 e - the +8 giant club "Zeumyige" {flame, rF+}
   (Trog gifted it to you in the Dungeon)

   It burns those it strikes, dealing additional fire damage.
   rF:        It protects you from fire.
 v - the +4 giant club of Crusades (weapon) {vorpal, rN++ Str+2}
   (Trog gifted it to you in the Dungeon)

   It inflicts extra damage upon your enemies.
   Str:       It affects your strength (+2).
   rN:        It greatly protects you from negative energy.
Armour
 b - a +0 animal skin (worn)
 k - a +0 cloak (worn)
 w - a +2 hat (worn)
Jewellery
 l - a +2 ring of protection (left claw)
 m - a +3 ring of strength (right claw)
 x - an amulet of the acrobat (around neck)
 y - the ring of the Usurping Queen {rPois rF- rCorr MP+9 Str+3}
   (You bought it in a shop in the Dungeon)

   [ring of magical power]

   Str:       It affects your strength (+3).
   rF:        It makes you vulnerable to fire.
   rPois:     It protects you from poison.
   MP:        It affects your magic capacity (+9).
   rCorr:     It protects you from acid and corrosion.
 z - the ring "Fuphav" {Fly rElec}
   (You bought it in a shop in the Dungeon)

   [ring of flight]

   rElec:     It insulates you from electricity.
   Fly:       It grants you flight.
 A - a ring of poison resistance
 B - a ring of fire
 C - a ring of willpower
 D - a ring of fire
 E - a ring of willpower
Wands
 j - a wand of iceblast (7)
Scrolls
 h - 3 scrolls of blinking
 q - a scroll of enchant weapon
 r - 4 scrolls of identify
 t - 5 scrolls of enchant armour
 u - 2 scrolls of fog
Potions
 c - 8 potions of curing
 d - a potion of invisibility
 f - 4 potions of magic
 g - 3 potions of berserk rage
 i - 5 potions of heal wounds
 n - a potion of resistance
 o - 4 potions of might
 p - a potion of mutation
 s - 2 potions of attraction


   Skills:
 + Level 17.3 Fighting
 + Level 20.8 Maces & Flails
 + Level 13.1 Dodging
 + Level 2.5 Stealth
 + Level 0.2 Evocations


You had 11 spell levels left.
You didn't know any spells.
Your spell library was empty.

Dungeon Overview and Level Annotations

Branches:
Dungeon (1/1)

Altars:
Cheibriados
Dithmenos
Elyvilon
Fedhas
Gozag
Hepliaklqana
Kikubaaqudgha
Makhleb
Nemelex Xobeh
Okawaru
Qazlal
Ru
Sif Muna
Trog
Uskayaw
Vehumet
Wu Jian
Xom
Yredelemnul
Zin
The Shining One
Beogh
Jiyva
Lugonu

Shops:
D =!:(

Annotations:
D Agnes


Innate Abilities, Weirdness & Mutations

You are too large for most types of armour.
You have claws for hands.
Your natural rate of healing is unusually fast.
You are covered in fur. (AC +1)
You have tough skin. (AC +1)


Message History

Things that are here:
a +0 broad axe; a +3 plate armour of poison resistance; a +0 kite shield of reflection
Things that are here:
a +0 broad axe; a +3 plate armour of poison resistance; a +0 kite shield of reflection You start waiting.
You feel yourself speed up.
You start waiting.
You recover from your berserk rage.
You start waiting.
Agnes the Wanderer comes into view.
She is wielding a +0 lajatang of electrocution.
You bludgeon Agnes!!
Agnes is moderately wounded.
Agnes hits you with a +0 lajatang of electrocution!!
You completely miss Agnes.
Agnes is moderately wounded.
Agnes hits you with a +0 lajatang of electrocution!!
You miss Agnes.
Agnes is moderately wounded.
Agnes barely misses you.
You barely miss Agnes.
Agnes is moderately wounded.
Agnes hits you with a +0 lajatang of electrocution!!
Agnes hits you with a +0 lajatang of electrocution!
You completely miss Agnes.
Agnes is moderately wounded.
Agnes hits you with a +0 lajatang of electrocution!!
You bludgeon Agnes!!
Agnes is severely wounded.
Agnes barely misses you.
You closely miss Agnes.
Agnes is severely wounded.
Agnes hits you with a +0 lajatang of electrocution.
You miss Agnes.
Agnes is severely wounded.
Agnes hits you with a +0 lajatang of electrocution!!
* * * LOW HITPOINT WARNING * * *
You are electrocuted!!
* * * LOW HITPOINT WARNING * * *
Agnes hits you with a +0 lajatang of electrocution!!
You die...

▓)▓.▓.▓.▓.▓.▓.▓
▓.▓.▓.▓.▓.▓.▓.▓.▓
▓.▓.▓.▓.▓.▓.▓.▓.▓
▓.▓.▓'▓.▓.▓.▓.▓.▓
▓.▓.▓.▓.▓.▓.▓.▓.▓
▓.▓.▓.▓.▓.▓.▓'▓.▓
▓)▓.▓.▓.▓.▓.▓.▓.▓
▓.▓.▓.▓.▓.▓.▓.▓i▓
▓.▓.▓.▓.▓.▓.▓.▓@▓
▓.▓.▓.▓.▓)▓.▓.▓.▓
▓.▓.▓)▓.▓)▓.▓.▓.▓
▓.▓.▓.▓.▓.▓.▓)▓.♣
▓'▓.▓.▓.▓)▓.▓)▓.♣
▓_▓.▓.▓.▓)▓.▓)▓.♣
▓_▓.▓.▓†▓)▓.▓)▓.♣
▓_▓.▓.▓.▓)▓.▓)▓.♣
▓_▓.▓.▓.▓)▓.▓)▓.♣


You could see Agnes.

Vanquished Creatures
  Gastronok (D)
  Donald (D)
  A frost giant (D)
  A vampire knight (D)
  A stone giant (D)
  A dire elephant (D)
  A fire dragon (D)
  2 ettins (D)
  An ice dragon (D)
  Erolcha (D)
  A boulder beetle (D)
  5 hydras (D)
  A centaur warrior (D)
  A two-headed ogre (D)
  2 orc high priests (D)
  An orc knight (D)
  An orc sorcerer (D)
  An ugly thing (D)
  A cyclops (D)
  A black mamba (D)
  7 elephants (D)
  2 cane toads (D)
  2 komodo dragons (D)
  5 yaks (D)
  Eustachio (D)
  3 vampire mosquitoes (D)
  4 water moccasins (D)
  7 orc warriors (D)
  An ogre (D)
  A wolf (D)
  A centaur (D)
  2 gnoll sergeants (D)
  A bullfrog (D)
  A killer bee (D)
  A howler monkey (D)
  8 orc priests (D)
  A jelly (D)
  2 iguanas (D)
  An orc wizard (D)
  8 orcs (D)
  A ball python (D)
  An endoplasm (D)
  A goblin (D)
  2 frilled lizards (D)
90 creatures vanquished.

Vanquished Creatures (collateral kills)
  A boulder beetle (D)
  2 orc high priests (D)
  A water moccasin (D)
  2 orc warriors (D)
  2 bullfrogs (D)
  5 orc priests (D)
  2 orcs (D)
15 creatures vanquished.

Grand Total: 105 creatures vanquished

Notes
Turn   | Place    | Note
-------+----------+-------------------------------------------
     0 | D        | mhtbhm the Troll Berserker began the quest for the Orb.
     0 | D        | Reached XP level 1. HP: 22/22 MP: 0/0
     9 | D        | Reached skill level 3 in Maces & Flails
     9 | D        | Reached ** piety under Trog
   120 | D        | Noticed a jelly
   120 | D        | Noticed an iguana
   120 | D        | Noticed an orc priest
   120 | D        | Noticed an ogre
   120 | D        | Noticed an iguana
   123 | D        | Killed a jelly
   124 | D        | Reached skill level 4 in Maces & Flails
   124 | D        | Reached XP level 2. HP: 29/32 MP: 1/1
   124 | D        | Reached XP level 3. HP: 35/39 MP: 2/2
   129 | D        | Reached *** piety under Trog
   130 | D        | Reached skill level 5 in Maces & Flails
   133 | D        | Reached XP level 4. HP: 44/49 MP: 3/3
   136 | D        | Killed an ogre
   137 | D        | Reached skill level 5 in Fighting
   137 | D        | Reached skill level 7 in Maces & Flails
   137 | D        | Reached skill level 5 in Dodging
   137 | D        | Reached XP level 5. HP: 36/57 MP: 4/4
   175 | D        | Found a snail-covered altar of Cheibriados.
   175 | D        | Found a shadowy altar of Dithmenos.
   175 | D        | Found a white marble altar of Elyvilon.
   175 | D        | Found a blossoming altar of Fedhas.
   175 | D        | Found an opulent altar of Gozag.
   176 | D        | Found a hazy altar of Hepliaklqana.
   177 | D        | Found a viscous altar of Jiyva.
   178 | D        | Found an ancient bone altar of Kikubaaqudgha.
   179 | D        | Found a corrupted altar of Lugonu.
   180 | D        | Found a burning altar of Makhleb.
   181 | D        | Found a sparkling altar of Nemelex Xobeh.
   182 | D        | Found an iron altar of Okawaru.
   183 | D        | Found a stormy altar of Qazlal.
   184 | D        | Found a sacrificial altar of Ru.
   185 | D        | Found a shimmering blue altar of Sif Muna.
   186 | D        | Found a bloodstained altar of Trog.
   187 | D        | Found a hide-covered altar of Uskayaw.
   188 | D        | Found a radiant altar of Vehumet.
   189 | D        | Found an ornate altar of the Wu Jian Council.
   190 | D        | Found a shimmering altar of Xom.
   191 | D        | Found a basalt altar of Yredelemnul.
   192 | D        | Found a glowing silver altar of Zin.
   193 | D        | Found a glowing golden altar of the Shining One.
   234 | D        | Noticed a komodo dragon
   234 | D        | Noticed a yak
   234 | D        | Noticed a two-headed ogre
   234 | D        | Noticed a centaur
   234 | D        | Noticed a yak
   242 | D        | Killed a komodo dragon
   242 | D        | Reached **** piety under Trog
   243 | D        | Reached skill level 10 in Maces & Flails
   243 | D        | Reached XP level 6. HP: 71/71 MP: 5/5
   249 | D        | Killed a yak
   250 | D        | Reached XP level 7. HP: 78/78 MP: 6/6
   254 | D        | Killed a two-headed ogre
   255 | D        | Reached skill level 12 in Maces & Flails
   255 | D        | Reached XP level 8. HP: 73/89 MP: 7/7
   261 | D        | Reached ***** piety under Trog
   340 | D        | Noticed a centaur warrior
   349 | D        | Received a gift from Trog
   350 | D        | Reached skill level 13 in Maces & Flails
   384 | D        | Killed a centaur warrior
   385 | D        | Reached skill level 10 in Fighting
   385 | D        | Reached skill level 14 in Maces & Flails
   385 | D        | Reached XP level 9. HP: 51/101 MP: 8/8
   805 | D        | Noticed a four-headed hydra
   805 | D        | Noticed a cane toad
   817 | D        | Killed a four-headed hydra
   818 | D        | Reached skill level 15 in Maces & Flails
   821 | D        | Noticed a cane toad
   828 | D        | Killed a cane toad
   831 | D        | Received a gift from Trog
   850 | D        | Reached XP level 10. HP: 113/113 MP: 9/9
   853 | D        | Killed a cane toad
   911 | D        | Noticed a black mamba
   917 | D        | Reached skill level 16 in Maces & Flails
   917 | D        | Noticed a boulder beetle
   929 | D        | Received a gift from Trog
   935 | D        | Killed a black mamba
   941 | D        | Killed a boulder beetle
   984 | D        | Noticed a dire elephant
   984 | D        | Noticed an elephant
   984 | D        | Noticed an elephant
   984 | D        | Noticed an elephant
   984 | D        | Noticed an elephant
   984 | D        | Noticed an elephant
   994 | D        | Killed a dire elephant
   995 | D        | Reached skill level 17 in Maces & Flails
   995 | D        | Reached skill level 1 in Stealth
   999 | D        | Killed an elephant
  1001 | D        | Noticed an elephant
  1003 | D        | Killed an elephant
  1004 | D        | Reached skill level 10 in Dodging
  1006 | D        | Noticed an elephant
  1010 | D        | Killed an elephant
  1010 | D        | Reached ****** piety under Trog
  1011 | D        | Reached XP level 11. HP: 73/126 MP: 10/10
  1031 | D        | Received a gift from Trog
  1403 | D        | Noticed Gastronok
  1420 | D        | Killed Gastronok
  1421 | D        | Reached skill level 18 in Maces & Flails
  1483 | D        | Received a gift from Trog
  1507 | D        | Received a gift from Trog
  1564 | D        | Noticed an orc sorcerer
  1564 | D        | Noticed an orc knight
  1568 | D        | Killed an orc sorcerer
  1580 | D        | Killed an orc knight
  1596 | D        | Received a gift from Trog
  1615 | D        | Found Meroky's Jewellery Emporium.
  1615 | D        | Noticed an orc high priest
  1623 | D        | Killed an orc high priest
  1625 | D        | Noticed an orc high priest
  1639 | D        | Noticed a sun demon
  1660 | D        | Found Panimair's Distillery.
  1672 | D        | Killed an orc high priest
  1914 | D        | Found Sionaddi's Book Emporium.
  1918 | D        | Found Lakeguas's Antique Weapon Shoppe.
  1922 | D        | Noticed an orc high priest
  1923 | D        | Noticed an orc high priest
  1925 | D        | Received a gift from Trog
  1936 | D        | Killed an orc high priest
  1937 | D        | Reached skill level 15 in Fighting
  1952 | D        | Killed an orc high priest
  1953 | D        | Reached skill level 19 in Maces & Flails
  2005 | D        | Bought a potion of attraction for 36 gold pieces
  2005 | D        | Bought a potion of might for 48 gold pieces
  2005 | D        | Bought a potion of curing for 36 gold pieces
  2005 | D        | Bought a potion of berserk rage for 60 gold pieces
  2005 | D        | Bought a potion of might for 48 gold pieces
  2005 | D        | Bought a potion of curing for 36 gold pieces
  2007 | D        | Bought an amulet of the acrobat for 300 gold pieces
  2007 | D        | Bought the ring of the Usurping Queen {rPois rF- rCorr MP+9
                  | Str+3} for 361 gold pieces
  2007 | D        | Bought the ring "Fuphav" {Fly rElec} for 315 gold pieces
  2007 | D        | Bought a ring of poison resistance for 200 gold pieces
  2084 | D        | Noticed Erolcha
  2087 | D        | Killed Erolcha
  2235 | D        | Noticed a seven-headed hydra
  2235 | D        | Noticed an eight-headed hydra
  2235 | D        | Noticed a red ugly thing
  2235 | D        | Noticed a six-headed hydra
  2235 | D        | Noticed a boulder beetle
  2240 | D        | Killed a seven-headed hydra
  2241 | D        | Reached XP level 12. HP: 143/143 MP: 11/11
  2242 | D        | Noticed an eight-headed hydra
  2243 | D        | Killed an eight-headed hydra
  2244 | D        | Noticed a frost giant
  2248 | D        | Identified the +4 giant club of Crusades {vorpal, rN++
                  | Str+2} (Trog gifted it to you in the Dungeon)
  2248 | D        | Received a gift from Trog
  2249 | D        | Noticed a vampire knight
  2251 | D        | Noticed a fire dragon
  2395 | D        | Killed a six-headed hydra
  2397 | D        | Killed an eight-headed hydra
  2401 | D        | Killed a frost giant
  2401 | D        | Identified the +8 giant club "Zeumyige" {flame, rF+} (Trog
                  | gifted it to you in the Dungeon)
  2401 | D        | Received a gift from Trog
  2406 | D        | Killed a vampire knight
  2480 | D        | Noticed an ice dragon
  2487 | D        | Noticed an ettin
  2489 | D        | Killed a fire dragon
  2490 | D        | Reached skill level 20 in Maces & Flails
  2492 | D        | Killed a boulder beetle
  2496 | D        | Killed an ice dragon
  2501 | D        | Killed an ettin
  2502 | D        | Noticed a stone giant
  2662 | D        | Killed a stone giant
  2662 | D        | Received a gift from Trog
  2670 | D        | Noticed an ettin
  2677 | D        | Killed an ettin
  2991 | D        | Noticed Eustachio
  3002 | D        | Killed Eustachio
  3009 | D        | Noticed Donald
  3022 | D        | Killed Donald
  3131 | D        | Noticed Agnes
  3141 | D        | Annihilated by Agnes

Illustrated notes

Levels and vault maps discovered:
D:        linesprint [early_d, line_temple, items_1, d_10, items_2, lair_1,
          lair_end, items_3, orc_1, orc_end, items_4, d_15, swamp_1, shoals_1,
          snake_1, spider_1, d_20, vaults_1, items_5, swamp_end, shoals_end,
          snake_end, spider_end, vaults_end, d_27, items_6, zot_1, zot_end,
          crypt_end, forest_end, elf_end, slime_end, tomb_end, abyss_end,
          pan_hell_end]

Skill      XL: |  1  2  3  4  5  6  7  8  9 10 11 12 |
---------------+-------------------------------------+-----
Maces & Flails | 4 5 7 10 12 14 15 17 19 20 | 20.8
Fighting       | 3 4 5 7 8 10 11 12 15 17 | 17.3
Dodging        | 3 4 5 6 7 8 10 11 13 | 13.1
Stealth        | 1 2 |  2.5
Evocations     | |  0.2

Action                   |  1- 3 |  4- 6 |  7- 9 | 10-12 || total
-------------------------+-------+-------+-------+-------++-------
Melee: Mace              |    21 |    11 |       |       ||    32
       Dire flail        |       |    14 |   103 |   222 ||   339
       Great mace        |       |       |       |    48 ||    48
       Giant club        |       |       |       |    14 ||    14
Invok: Berserk           |     1 |     1 |     2 |     9 ||    13
       Brothers in Arms  |       |       |       |     5 ||     5
Evoke: Wand              |       |       |       |     3 ||     3
  Use: Potion            |       |     1 |       |     4 ||     5
       Scroll            |       |       |       |     2 ||     2
 Stab: Sleeping          |       |       |       |     1 ||     1
Armor: Animal skin       |     3 |     5 |    38 |    77 ||   123
Dodge: Dodged            |     8 |     4 |    35 |   135 ||   182

Table legend: (Time is in decaauts)
 A = Elapsed time spent in this place.
 B = Non-inter-level travel time spent in this place.
 C = Inter-level travel time spent in this place.
 D = Time resting spent in this place.
 E = Time spent auto-exploring this place.
 F = Levels seen in this place.
 G = Mean time per level.
                   A        B        C        D        E       F      G
               +--------+--------+--------+--------+--------+-----+--------+
         Total |   3056 |   3012 |     44 |   1359 |    691 |   1 | 3056.0 |
       Dungeon |   3056 |   3012 |     44 |   1359 |    691 |   1 | 3056.0 |
               +--------+--------+--------+--------+--------+-----+--------+

Top non-repeatable levels by time:
       D: 3056 daAuts
